 Dungeon Crawl Stone Soup version 0.31.0-32-g396128a36d (webtiles) character file.

Game seed: 12803837362869811828

18 PaiMei the Grave Robber (level 2, 0/20 HPs)
             Began as a Demonspawn Necromancer on Mar 30, 2024.
             Slain by a quokka (3 damage)
             ... on level 1 of the Dungeon.
             The game lasted 00:01:36 (1306 turns).

PaiMei the Grave Robber (Demonspawn Necromancer)    Turns: 1306, Time: 00:01:37

Health: 0/20       AC:  2    Str:  8    XL:     2   Next: 51%
Magic:  1/5        EV: 12    Int: 21    God:
Gold:   35         SH:  0    Dex: 13    Spells: 4/5 levels left

rFire   . . .        c - +0 hand axe
rCold   . . .        (no shield)
rNeg    . . .        a - +0 robe
rPois   .            (no helmet)
rElec   .            (no cloak)
rCorr   .            (no gloves)
SInv    .            (no boots)
Will    .....        (no amulet)
Stlth   ++           d - +6 ring of intelligence
HPRegen 0.23/turn    (no ring)
MPRegen 0.18/turn

%: no passive effects
@: lethally poisoned (0 -> -1)
A: magic regeneration
a: no special abilities


You were on level 1 of the Dungeon.
You visited 1 branch of the dungeon, and saw 2 of its levels.

You collected 35 gold pieces.

Inventory:

Hand Weapons
 c - a +0 hand axe (weapon)
Armour
 a - a +0 robe (worn)
Jewellery
 d - a +6 ring of intelligence (left hand)
Scrolls
 e - a scroll of enchant armour {unknown}
Potions
 b - a potion of magic


   Skills:
 + Level 0.5 Fighting
 + Level 2.1 Dodging
 - Level 2.0 Stealth
 + Level 2.2 Spellcasting
 + Level 4.6 Necromancy


You had 4 spell levels left.
You knew the following spells:

 Your Spells              Type           Power      Damage    Failure   Level
a - Necrotise             Necr           84%        1d8       2%          1

Your spell library contained the following spells:

 Spells                   Type           Power      Damage    Failure   Level
 Vampiric Draining        Necr           21%        2d7       7%          3
 Animate Dead             Necr           21%        N/A       22%         4
 Gell's Gravitas          Tloc           2%         N/A       41%         3
 Teleport Other           Tloc           2%         N/A       41%         3
 Curse of Agony           Necr           21%        N/A       52%         5
 Dispersal                Tloc           1%         N/A       100%        6


Dungeon Overview and Level Annotations

Branches:
Dungeon (2/15)

Altars:


Innate Abilities, Weirdness & Mutations

You regenerate magic rapidly.


Message History

The quokka bites you.
Casting: Necrotise (safe; 2% risk of failure)
Confirm with . or Enter, or press ? or * to list all spells.
Aiming: Necrotise (safe; 2% risk of failure)
Press: ? - help, Shift-Dir - straight line, f - adder
Aim: an adder (ally target, chance to affect: 85%)
The adder writhes in agony!
You feel sick. The adder barely misses you. The quokka closely misses you.
Casting: Necrotise (safe; 2% risk of failure)
Confirm with . or Enter, or press ? or * to list all spells.
You don't have enough magic to cast this spell.
Casting: Necrotise (safe; 2% risk of failure)
Confirm with . or Enter, or press ? or * to list all spells.
You don't have enough magic to cast this spell.
Casting: Necrotise (safe; 2% risk of failure)
Confirm with . or Enter, or press ? or * to list all spells.
You don't have enough magic to cast this spell.
Casting: Necrotise (safe; 2% risk of failure)
Confirm with . or Enter, or press ? or * to list all spells.
You don't have enough magic to cast this spell.
Casting: Necrotise (safe; 2% risk of failure)
Confirm with . or Enter, or press ? or * to list all spells.
You don't have enough magic to cast this spell.
You barely miss the adder.
The adder is severely wounded.
You closely miss the quokka.
You feel sick.
You are no longer poisoned.
The adder bites you.
* * * LOW HITPOINT WARNING * * *
You are poisoned.
The adder poisons you! The quokka closely misses you.
The adder closely misses you.
Your ball python skeleton misses the adder. x2
The quokka barely misses you.
You completely miss the adder.
The adder is severely wounded.
You closely miss the quokka.
* * * LOW HITPOINT WARNING * * *
You feel sick. The adder closely misses you. The quokka bites you.
You die...

####'#######...~≈~~~~
###..#######...≈≈≈≈≈≈
#..........#...~≈≈≈≈≈
#..........#...~≈≈#+#
#..............~≈≈'(.
#..........#...~≈≈'..
#......(...#...~~≈#'#
##...ZS.....#....~≈≈≈#
#....@......#..⌠..~≈~'
#....r......#..⌠..≈~≈'
#...........#....~~≈≈#
#...........#...~≈≈#+#
#.######'##.....~≈≈'..
#.# #.###....~~≈'..
#.# #.# ##...≈≈≈#+#
#.# #.####...~≈≈≈≈≈
#.# #...##...~≈≈≈≈≈


You could see an adder (ally target), a quokka and a friendly ball python
skeleton.

Vanquished Creatures
  A dart slug (D:1)
  2 ball pythons (D:1)
  4 endoplasms (D:1)
  A goblin (D:1)
  A quokka (D:1)
  3 bats (D:1)
  A frilled lizard (D:1)
  2 kobolds (D:1)
15 creatures vanquished.

Notes
Turn   | Place    | Note
-------+----------+-------------------------------------------
     0 | D:1      | PaiMei the Demonspawn Necromancer began the quest for the
                  | Orb.
     0 | D:1      | Reached XP level 1. HP: 13/13 MP: 3/3
   715 | D:1      | Gained mutation: You regenerate magic rapidly. [demonic
                  | ancestry]
   715 | D:1      | Reached XP level 2. HP: 8/19 MP: 1/5
  1306 | D:1      | Slain by a quokka

Illustrated notes

Levels and vault maps discovered:
D:1:      dpeg_arrival_castle, layout_basic
D:2:      layout_loops_cross, basic_altar,
          nicolae_concentric_dashed_squares_mild, kennysheep_big_empty_room,
          minmay_misc_feat_diagonals, kennysheep_decorative_pillar,
          serial_bayou_ford_a, small_statue_intersection, uniq_natasha,
          uniq_sigmund

Skill      XL: |  1 |
---------------+----+-----
Dodging        | 2 |  2.1
Stealth        | 2 |  2.0
Fighting       | |  0.5
Spellcasting   | |  2.2
Necromancy     | |  4.6

Action                     || total
---------------------------++-------
  Melee: Unarmed           ||     6
         Hand axe          ||     5
   Cast: Necrotise         ||    38
 Armour: Robe              ||    25
  Dodge: Dodged            ||    35
